 Dungeon Crawl Stone Soup version 0.30.0-20-g3615ddf2f0 (webtiles) character file.

Game seed: 3602328202891092016

365 qw the Chopper (level 6, 0/37 HPs)
             Began as a Gargoyle Fighter on May 30, 2023.
             Killed from afar by Sigmund (2 damage)
             ... with a puff of flame
             ... on level 4 of the Dungeon.
             The game lasted 00:01:25 (2532 turns).

qw the Chopper (Gargoyle Fighter)                   Turns: 2532, Time: 00:01:25

Health: 0/37       AC: 13    Str: 28    XL:     6   Next: 68%
Magic:  0/6        EV: 10    Int:  8    God:
Gold:   154        SH:  4    Dex:  9    Spells: 5/5 levels left

rFire   . . .        Y - +0 war axe
rCold   . . .        c - +0 buckler
rNeg    + . .        b - +0 scale mail
rPois   inf          n - +1 helmet
rElec   +            (no cloak)
rCorr   .            (no gloves)
SInv    .            (no boots)
Will    .....        a - amulet of guardian spirit Stlth
                     f - +6 ring of strength
HPRegen 0.26/turn    (no ring)
MPRegen 0.10/turn

%: guardian spirit
@: no status effects
A: sickness immunity, AC +4, negative energy resistance 1, electricity
resistance, torment resistance 1, petrification resistance
a: no special abilities


You were on level 4 of the Dungeon.
You visited 1 branch of the dungeon, and saw 4 of its levels.

You collected 154 gold pieces.


Innate Abilities, Weirdness & Mutations

You are immune to sickness and miasma.
Your stone body is resilient. (AC +4)
You are immune to poison.
You resist negative energy. (rN+)
You are resistant to electric shocks. (rElec)
You are resistant to unholy torment.
You are immune to petrification.


   Skills:
 + Level 3.2 Fighting
 - Level 5.7 Axes
 - Level 1.0 Throwing
 - Level 3.2 Armour
 - Level 1.7 Dodging
 - Level 3.2 Shields


You had 5 spell levels left.
You didn't know any spells.
Your spell library was empty.

Inventory:

Hand Weapons
 e - a +0 flail
 Y - a +0 war axe (weapon)
Missiles
 h - a javelin (quivered)
Armour
 b - a +0 scale mail (worn)
 c - a +0 buckler (worn)
 n - a +1 helmet (worn)
Jewellery
 a - an amulet of guardian spirit (around neck)
 f - a +6 ring of strength (left hand)
Scrolls
 g - a scroll of identify
 i - a scroll of silence {unknown}
 o - a scroll of noise {unknown}
 q - a scroll of fog {unknown}
Potions
 d - 2 potions of might
 j - a potion of haste
 k - a potion of brilliance {unknown}
 l - 4 potions of curing
 m - a potion of ambrosia {unknown}
 p - a potion of lignification {unknown}

Dungeon Overview and Level Annotations

Branches:
Dungeon (4/15)
 Temple: D:4-7

Altars:
Dithmenos

Annotations:
D:4 Sigmund


Message History

Blork the orc mumbles some strange words.
Blork the orc seems to speed up.
You barely miss Blork the orc.
Blork the orc is almost dead.
You miss something.
Sigmund appears from thin air!
Reactivating autopickup.
Blork the orc hits you with a +0 flail.
Sigmund points at you and mumbles some strange words.
You resist with some effort.
You slash Blork the orc!
You kill Blork the orc!
You hit Sigmund but do no damage. Sigmund barely misses you.
Your Dodging skill increases to level 1!
You hit Sigmund.
Sigmund is lightly wounded.
Sigmund closely misses you.
You slash Sigmund!
Sigmund is heavily wounded.
Sigmund hits you with a +0 scythe.
You barely miss Sigmund.
Sigmund is heavily wounded.
Sigmund closely misses you.
You slash Sigmund!
Sigmund is almost dead.
You closely miss Sigmund.
Sigmund is almost dead.
Sigmund points at you and mumbles some strange words.
The puff of flame hits you. Sigmund barely misses you.
You completely miss Sigmund.
Sigmund is almost dead.
You hit Sigmund but do no damage.
Sigmund is almost dead.
Sigmund hits you but does no damage.
You closely miss Sigmund.
Sigmund is almost dead.
Sigmund casts a spell at you. The puff of flame hits you.
You die...

#............................
#..........................##
#.................).......... ..#
#>............(............#. ..#
#............................ ..#
#.####....................... .$#
#. #....................... ..#
#.####.....@................. ..#
#........).)@................
..####..........................(
o......###.......................
#......# #.......................
#......# #.......................
#......# #.......................
#......###................<....#.
#......#.........................
<......#.#.................[[..#.


You could see Sigmund.

Vanquished Creatures
  Duvessa (D:4)
  Blork the orc (D:4)
  Dowan (D:4)
  Robin (D:3)
  A gnoll (D:1)
  2 adders
  An ufetubus (D:3)
  A worm (D:3)
  A dart slug (D:3)
  4 orcs
  5 ball pythons
  6 endoplasms
  2 giant cockroaches (D:3)
  13 goblins
  12 hobgoblins
  10 jackals
  6 kobolds
  3 quokkas
  6 bats
  A frilled lizard (D:1)
  6 rats
84 creatures vanquished.

Notes
Turn   | Place    | Note
-------+----------+-------------------------------------------
     0 | D:1      | qw the Gargoyle Fighter began the quest for the Orb.
     0 | D:1      | Reached XP level 1. HP: 14/14 MP: 1/1
     0 | D:1      | 0 ||| qw: Version: 0.2-a-102-g2b76a06
     0 | D:1      | 0 ||| qw: Game counter: 468
     0 | D:1      | 0 ||| qw: Always use a shield: true
     0 | D:1      | 0 ||| qw: God list: Okawaru
     0 | D:1      | 0 ||| qw: Allow faded altars: false
     0 | D:1      | 0 ||| qw: Do Orc after D:15 true
     0 | D:1      | 0 ||| qw: Do second Lair branch before Depths: true
     0 | D:1      | 0 ||| qw: Lair rune preference: random
     0 | D:1      | 0 ||| qw: Plans: Normal, Zot:1-4, Slime:5, God:TSO, Crypt,
                  | Tomb, Pan, Hells, Abyss, Win
     0 | D:1      | 0 ||| PLANNING D:1-11
    25 | D:1      | Reached skill level 2 in Axes
    86 | D:1      | 86 ||| Stepping ~*~*~tactically~*~*~ (stealth).
    96 | D:1      | 96 ||| Stepping ~*~*~tactically~*~*~ (stealth).
    99 | D:1      | 99 ||| Stepping ~*~*~tactically~*~*~ (stealth).
   100 | D:1      | 100 ||| Stepping ~*~*~tactically~*~*~ (stealth).
   113 | D:1      | Reached XP level 2. HP: 17/19 MP: 2/2
   123 | D:1      | Found a shadowy altar of Dithmenos.
   170 | D:1      | 170 ||| DROPPING +0 club.
   181 | D:1      | 181 ||| DROPPING +0 mace.
   183 | D:1      | 183 ||| Stepping ~*~*~tactically~*~*~ (stealth).
   291 | D:1      | Reached skill level 3 in Axes
   291 | D:1      | Reached XP level 3. HP: 23/23 MP: 3/3
   798 | D:1      | 798 ||| READING scroll labelled ZUVONA ZIHIOM.
   799 | D:1      | 799 ||| READING 2 scrolls labelled UKESYUXKAU.
   800 | D:1      | 800 ||| READING scroll labelled KAGRAREMUD.
   801 | D:1      | 801 ||| DRINKING 2 silvery potions.
   802 | D:1      | 802 ||| DROPPING scroll of amnesia.
  1018 | D:2      | Reached XP level 4. HP: 28/28 MP: 4/4
  1404 | D:2      | 1404 ||| UPGRADING to amulet of guardian spirit.
  1409 | D:2      | 1409 ||| UPGRADING to +6 ring of strength.
  1410 | D:2      | 1410 ||| READING scroll labelled SELEUS VAUD.
  1411 | D:2      | 1411 ||| DRINKING 2 blue potions.
  1445 | D:3      | 1445 ||| Stepping ~*~*~tactically~*~*~ (stealth).
  1448 | D:3      | 1448 ||| Stepping ~*~*~tactically~*~*~ (hiding).
  1564 | D:3      | 1564 ||| Stepping ~*~*~tactically~*~*~ (stealth).
  1591 | D:3      | 1591 ||| Stepping ~*~*~tactically~*~*~ (hiding).
  1853 | D:3      | Reached skill level 1 in Throwing
  1863 | D:3      | 1863 ||| Stepping ~*~*~tactically~*~*~ (stealth).
  1866 | D:3      | Reached skill level 4 in Axes
  1873 | D:3      | 1873 ||| Stepping ~*~*~tactically~*~*~ (stealth).
  1881 | D:3      | 1881 ||| Stepping ~*~*~tactically~*~*~ (stealth).
  1881 | D:3      | Noticed Robin
  1917 | D:3      | Killed Robin
  1918 | D:3      | Reached XP level 5. HP: 14/32 MP: 1/5
  2028 | D:3      | 2028 ||| Stepping ~*~*~tactically~*~*~ (stealth).
  2251 | D:3      | 2251 ||| UPGRADING to +0 helmet.
  2256 | D:3      | 2256 ||| READING scroll of enchant armour.
  2256 | D:3      | 2256 ||| ENCHANTING +0 helmet.
  2257 | D:3      | 2257 ||| READING scroll labelled GUFFAI KINKEIG.
  2258 | D:3      | 2258 ||| READING scroll labelled QEMYCZU QESAM.
  2259 | D:3      | 2259 ||| READING scroll labelled VELIJI ATARU.
  2262 | D:3      | 2262 ||| DRINKING 2 cyan potions.
  2274 | D:4      | Noticed Duvessa
  2274 | D:4      | Noticed Dowan
  2291 | D:4      | Killed Dowan
  2291 | D:4      | HP: 2/32 [Duvessa/+0 short sword (7)]
  2292 | D:4      | 2292 ||| DRINKING potion of heal wounds.
  2296 | D:4      | Killed Duvessa
  2297 | D:4      | Reached skill level 5 in Axes
  2297 | D:4      | Reached XP level 6. HP: 32/37 MP: 1/6
  2297 | D:4      | 2297 ||| FLEEEEING.
  2298 | D:4      | 2298 ||| STAIRDANCE
  2341 | D:4      | 2341 ||| STAIRDANCE
  2485 | D:4      | Noticed Sigmund
  2487 | D:4      | 2487 ||| FLEEEEING.
  2490 | D:4      | Noticed Blork the orc
  2491 | D:4      | 2491 ||| FLEEEEING.
  2493 | D:4      | 2493 ||| FLEEEEING.
  2494 | D:4      | 2494 ||| FLEEEEING.
  2495 | D:4      | 2495 ||| FLEEEEING.
  2496 | D:4      | 2496 ||| FLEEEEING.
  2499 | D:4      | 2499 ||| FLEEEEING.
  2500 | D:4      | 2500 ||| FLEEEEING.
  2501 | D:4      | 2501 ||| FLEEEEING.
  2502 | D:4      | 2502 ||| FLEEEEING.
  2503 | D:4      | 2503 ||| FLEEEEING.
  2504 | D:4      | 2504 ||| FLEEEEING.
  2505 | D:4      | 2505 ||| FLEEEEING.
  2506 | D:4      | 2506 ||| FLEEEEING.
  2507 | D:4      | 2507 ||| FLEEEEING.
  2508 | D:4      | 2508 ||| FLEEEEING.
  2509 | D:4      | 2509 ||| DRINKING 5 potions of curing.
  2509 | D:4      | 2509 ||| (to cure confusion)
  2510 | D:4      | 2510 ||| FLEEEEING.
  2520 | D:4      | HP: 9/37 [Blork the orc/+0 flail (7)]
  2524 | D:4      | Killed Blork the orc
  2525 | D:4      | Reached skill level 1 in Dodging
  2526 | D:4      | HP: 4/37 [Sigmund/+0 scythe (3)]
  2529 | D:4      | HP: 1/37 [Sigmund/puff of flame (4)]
  2532 | D:4      | Killed from afar by Sigmund

Levels and vault maps discovered:
D:1:      dpeg_arrival_tiny_j, layout_basic, st_stairs_13,
          minmay_misc_feat_ornament, minmay_hexomino_r4
D:2:      layout_rooms
D:3:      layout_rooms, dk_vineyard_3, kennysheep_generic_room_8, uniq_robin
D:4:      layout_basic, serial_shops, nicolae_shop_tiny_waterfront,
          uniq_duvessa, uniq_crazy_yiuf_cottage, uniq_sigmund,
          uniq_blork_the_orc

Skill      XL: |  1  2  3  4  5  6 |
---------------+-------------------+-----
Axes           | 2 3 4 5 |  5.7
Throwing       | 1 |  1.0
Dodging        | 1 |  1.7
Fighting       | |  3.2
Armour         | |  3.2
Shields        | |  3.2

Action                     |  1- 3 |  4- 6 || total
---------------------------+-------+-------++-------
  Melee: War axe           |    84 |   139 ||   223
  Throw: Javelin           |       |    13 ||    13
    Use: Scroll            |     3 |     5 ||     8
         Potion            |     1 |     4 ||     5
 Armour: Scale mail        |    32 |   123 ||   155
  Dodge: Dodged            |    34 |    93 ||   127
  Block: Buckler           |    12 |    40 ||    52

Table legend:
 A = Non-vault XP
 B = Vault XP
 C = Vault XP percentage of total XP
 D = Non-vault monster count
 E = Vault monster count
 F = Vault count percentage of total count
                 A         B        C        D         E       F
            +---------+---------+-------+---------+---------+-------
      Total |     159 |     363 |  69.5 |      60 |      24 |  28.6
            +---------+---------+-------+---------+---------+-------
        D:1 |      47 |      10 |  17.5 |      20 |       6 |  23.1
        D:2 |      33 |       0 |   0.0 |      12 |       0 |   0.0
        D:3 |      60 |      38 |  38.8 |      25 |      15 |  37.5
        D:4 |      19 |     315 |  94.3 |       3 |       3 |  50.0
            +---------+---------+-------+---------+---------+-------
